 Dungeon Crawl Stone Soup version 0.26-a0-466-g989023bd0d (webtiles) character file.

Game seed: 11754334036522441134

790 KristoblXynda the Ducker (level 7, 0/43 HPs)
             Began as a Vampire Gladiator on July 30, 2020.
             Slain by Menkaure (12 damage)
             ... on level 6 of the Dungeon.
             The game lasted 00:05:15 (2981 turns).

KristoblXynda the Ducker (Vampire Gladiator)        Turns: 2981, Time: 00:05:16

Health: 0/43       AC:  6    Str: 13    XL:     7   Next: 57%
Magic:  7/7        EV: 15    Int: 12    God:
Gold:   202        SH:  5    Dex: 16    Spells: 6/6 levels left

rFire    . . .     SeeInvis +   a - +0 long sword
rCold    + + .     Faith    .   (no shield)
rNeg     + + +     Spirit   .   b - +0 leather armour
rPois    ∞         Reflect  +   c - +0 helmet
rElec    .         Harm     .   (no cloak)
rCorr    .                      n - +0 pair of gloves
MR       .....                  e - +0 pair of boots
Stlth    +++.......             g - amulet of reflection
HPRegen  0.00/turn              (no ring)
MPRegen  0.10/turn              (no ring)

@: bloodless
A: fangs 3, see invisible, unbreathing
a: Bat Form, Revivify


You were on level 6 of the Dungeon.
You visited 1 branch of the dungeon, and saw 6 of its levels.

You collected 202 gold pieces.

Inventory:

Hand Weapons
 a - a +0 long sword (weapon)
Missiles
 d - 3 throwing nets (quivered)
Armour
 b - a +0 leather armour (worn)
 c - a +0 helmet (worn)
 e - a +0 pair of boots (worn)
 n - a +0 pair of gloves (worn)
Jewellery
 g - an amulet of reflection (around neck)
Scrolls
 f - 4 scrolls of remove curse
 h - 2 scrolls of teleportation
 i - a scroll of enchant weapon {unknown}
 m - a scroll of fog {unknown}
 p - a scroll of immolation {unknown}
 q - a scroll of magic mapping {unknown}
Potions
 j - 2 potions of might
 k - a potion of curing
 l - a potion of degeneration {unknown}


   Skills:
 + Level 4.1 Fighting
 + Level 5.1 Long Blades
 - Level 2.0 Throwing
 + Level 3.0 Armour
 + Level 5.6 Dodging


You had 6 spell levels left.
You didn't know any spells.
Your spell library contained the following spells:

 Spells                   Type           Power        Failure   Level
 Animate Skeleton         Necr           #.....       38%         1
 Apportation              Tloc           #.....       38%         1
 Corona                   Hex            #......      38%         1
 Summon Small Mammal      Summ           #...         38%         1


Dungeon Overview and Level Annotations

Branches:
Dungeon (7/15)
 Temple: D:4-7

Altars:
Gozag
Nemelex Xobeh

Shops:
D:7 (

Annotations:
D:6 Menkaure
D:7 1 runed translucent door, KristoblXynda's ghost, novice TrWz


Innate Abilities, Weirdness & Mutations

You do not regenerate when monsters are visible.
You are frail without blood (-20% HP).
You can heal yourself when you bite living creatures.
You are immune to poison.
You have razor-sharp teeth.
You have supernaturally acute eyesight. (SInv)
You can survive without breathing.


Message History

You hit Menkaure.
Menkaure is severely damaged.
Menkaure hits you but does no damage.
You completely miss Menkaure.
Menkaure is severely damaged.
Menkaure closely misses you. Menkaure misses you.
You riposte.
You hit Menkaure.
Menkaure is severely damaged.
You completely miss Menkaure.
Menkaure is severely damaged.
You block Menkaure's attack.
You hit Menkaure.
Menkaure is almost destroyed.
An ufetubus comes into view.
Menkaure hits you! x2
* * * LOW HITPOINT WARNING * * *
You completely miss Menkaure.
Menkaure is severely damaged.
Menkaure hits you!
You die...

.#.#####.# .# #.M.#
#...†...... ...# .. #...#
#.######### ...## ##
##.## #.# ....# #.# #.#
....... # ##.## #.#
....... #. ##.#.###.#
..........##..##.###.##.#
........#.....5M## ##...#
.#..... ..######@###.####
....... ######.#.##
####.. .........##
##########


You could see Menkaure (fast) and an ufetubus (wandering).

Vanquished Creatures
  4 bullfrogs (D:6)
  2 scorpions (D:6)
  A hound (D:6)
  A jelly (D:7)
  2 orc priests
  6 worker ants
  A hound skeleton (D:6)
  7 adders
  A white imp (D:6)
  2 oozes
  A worm (D:3)
  2 dart slugs (D:1)
  2 leopard geckos
  9 orcs
  3 giant cockroaches
  4 goblins
  9 hobgoblins
  2 jackals (D:4)
  A quokka (D:3)
  A ball python (D:6)
  7 bats
  A frilled lizard (D:1)
  5 kobolds
  A quokka skeleton (D:7)
  7 rats
82 creatures vanquished.

Notes
Turn   | Place    | Note
-------+----------+-------------------------------------------
     0 | D:1      | KristoblXynda the Vampire Gladiator began the quest for the
                  | Orb.
     0 | D:1      | Reached XP level 1. HP: 16/16 MP: 1/1
   131 | D:1      | Reached XP level 2. HP: 22/22 MP: 2/2
   547 | D:2      | Reached XP level 3. HP: 27/27 MP: 3/3
   703 | D:2      | Found a sparkling altar of Nemelex Xobeh.
  1027 | D:2      | Reached XP level 4. HP: 34/34 MP: 4/4
  1306 | D:3      | Reached skill level 1 in Armour
  1918 | D:4      | Reached XP level 5. HP: 7/40 MP: 5/5
  2222 | D:4      | You fall into a shaft and drop 3 floors!
  2228 | D:7      | Noticed a hippogriff
  2244 | D:7      | Noticed KristoblXynda's ghost (novice TrWz)
  2247 | D:7      | Found a runed translucent door.
  2280 | D:7      | Found Eschy's Weapon Shop.
  2337 | D:7      | Found an opulent altar of Gozag.
  2351 | D:7      | Reached XP level 6. HP: 43/47 MP: 6/6
  2460 | D:6      | Reached skill level 5 in Dodging
  2579 | D:6      | Reached XP level 7. HP: 52/53 MP: 7/7
  2810 | D:6      | Reached skill level 5 in Long Blades
  2954 | D:6      | Noticed Menkaure
  2981 | D:6      | Slain by Menkaure

Illustrated notes

Levels and vault maps discovered:
D:1:      psy_arrival_fountain, layout_rooms, due_unseen_surprise
D:2:      layout_loops_cross, nemelex_spade_bored_becter
D:3:      layout_basic, grunt_decor_arrowhead, minmay_misc_feat_chi,
          minmay_misc_feat_ornament
D:4:      layout_basic
D:6:      layout_loops_ring, uniq_menkaure
D:7:      layout_rooms, nicolae_gozag_seed_capital, old_standard_altar,
          serial_shops, nicolae_shop_window_shopping,
          hellmonk_ghost_happy_afterlife

Skill      XL: |  1  2  3  4  5  6  7 |
---------------+----------------------+-----
Fighting       | 2 3 4 |  4.1
Throwing       | 2 |  2.0
Dodging        | 4 5 |  5.6
Armour         | 1 2 3 |  3.0
Long Blades    | 4 5 |  5.1

Action                   |  1- 3 |  4- 6 |  7- 9 || total
-------------------------+-------+-------+-------++-------
Melee: Long sword        |    93 |   146 |    65 ||   304
       Bite              |     7 |    18 |     7 ||    32
 Abil: Exsanguinate      |       |     1 |     1 ||     2
  Use: Scroll            |       |     5 |       ||     5
       Potion            |       |     4 |       ||     4
 Stab: Sleeping          |     3 |     3 |       ||     6
Armor: Leather armour    |    32 |    46 |    13 ||    91
Dodge: Dodged            |    73 |   129 |    39 ||   241
Block: Other             |       |    33 |    14 ||    47
       Rpst.: Long sword |    17 |    44 |    11 ||    72

Table legend: (Time is in decaauts)
 A = Elapsed time spent in this place.
 B = Non-inter-level travel time spent in this place.
 C = Inter-level travel time spent in this place.
 D = Time resting spent in this place.
 E = Time spent auto-exploring this place.
 F = Levels seen in this place.
 G = Mean time per level.
                   A        B        C        D        E       F      G
               +--------+--------+--------+--------+--------+-----+--------+
         Total |   3041 |   2951 |     90 |    498 |   1511 |   6 |  506.8 |
       Dungeon |   3041 |   2951 |     90 |    498 |   1511 |   6 |  506.8 |
               +--------+--------+--------+--------+--------+-----+--------+

Top non-repeatable levels by time:
     D:3: 698 daAuts
     D:2: 677 daAuts
     D:6: 556 daAuts
     D:1: 546 daAuts
     D:4: 339 daAuts
     D:7: 222 daAuts
